Map: Берлинград РВ

Players

DPGRogue (Rogue) - Winner!

  • Race: Zerg Zerg

Ashbringer

  • Race: Protoss Protoss

Event: DreamHack SC2 Masters Last Chance 2022

VOD

Have the link to the VOD?

Description

Time

  • Played on: Dec. 15, 2021, 4:10 a.m.
  • Length: 9:20

All games in this series

Show
View Real Time Build Order
Export as new Build Order

DPGRogue Zerg - Winner!

Build Orders: Pool First 

Get SALT Encoding   

  12  0:17  Spawning Pool  
  11  0:21  Drone  
  11  0:25  Drone  
  13  0:30  Drone  
  14  0:39  Overlord  
  14  1:04  Zergling x4  
  16  1:05  Zergling x2  
  17  1:18  Hatchery  
  17  1:20  Zergling x2  
  17  1:27  Drone  
  18  1:34  Queen  
  18  1:39  Drone  
  21  1:54  Overlord  
  21  1:58  Drone  
  22  2:11  Hatchery  
  21  2:17  Drone, Queen  
  21  2:22  Drone  
  26  2:33  Drone  
  27  2:39  Hatchery  
  27  2:42  Drone  
  27  2:48  Extractor  
  27  2:50  Drone x3  
  29  3:03  Drone  
  30  3:22  Queen  
  30  3:24  Drone x3  
  35  3:28  Overlord  
  35  3:32  Drone  
  36  3:34  Overlord  
  36  3:44  Overlord  
  36  3:48  Drone x3  
  39  3:49  Metabolic Boost  
  39  3:51  Drone  
  39  3:54  Queen  
  42  3:58  Drone x2  
  42  4:01  Drone  
  45  4:03  Drone  
  45  4:05  Drone  
  45  4:08  Zergling x2  
  48  4:10  Drone x2  
  50  4:17  Drone x4  
  50  4:24  Queen  
  54  4:27  Drone x2  
  58  4:31  Queen  
  58  4:35  Overlord  
  58  4:38  Queen  
  60  4:40  Drone  
  60  4:41  Drone  
  60  4:45  Overlord x2  
  63  4:48  Spore Crawler  
  63  4:50  Spore Crawler  
  61  4:55  Zergling x8  
  61  4:57  Drone  
  61  4:59  Overlord  
  66  5:04  Drone x4  
  70  5:08  Drone  
  70  5:12  Roach Warren  
  70  5:13  Extractor  
  69  5:16  Queen  
  69  5:18  Drone  
  69  5:19  Drone x3  
  75  5:23  Spore Crawler  
  75  5:25  Drone x3  
  77  5:29  Drone x3  
  77  5:32  Lair  
  80  5:36  Queen  
  80  5:39  Overlord  
  80  5:42  Drone x3  
  84  5:44  Evolution Chamber  
  84  5:45  Overlord  
  84  5:47  Extractor  
  84  5:49  Extractor  
  81  5:52  Drone  
  81  5:54  Drone x5  
  81  5:56  Overlord  
  86  6:01  Queen  
  87  6:06  Zergling x10  
  87  6:07  Zergling x4  
  87  6:08  Drone  
  87  6:10  Extractor  
  93  6:13  Queen  
  93  6:17  Zerg Missile Weapons Level 1  
  93  6:18  Extractor  
  94  6:20  Drone x2  
  94  6:21  Drone x2  
  94  6:22  Drone  
  99  6:31  Drone x3  
  99  6:32  Queen  
  102  6:34  Overlord  
  102  6:35  Overseer  
  103  6:40  Spire  
  103  6:42  Glial Reconstitution  
  102  6:49  Overlord  
  102  6:55  Hatchery  
  102  6:58  Drone  
  102  7:01  Roach x5  
  108  7:07  Overlord  
  112  7:16  Queen x3  
  117  7:24  Overlord x2  
  117  7:41  Drone x3  
  120  7:46  Overseer  
  120  7:47  Roach  
  120  7:48  Roach x14  
  150  7:52  Roach  
  152  8:07  Drone, Spore Crawler  
  152  8:09  Overlord  
  152  8:10  Overlord  
  152  8:11  Roach x3, Overlord  
  152  8:12  Overlord  
  158  8:13  Overlord  
  158  8:16  Spore Crawler  
  157  8:23  Overlord  
  157  8:28  Spore Crawler  
  157  8:31  Ravager x4  
  157  8:32  Ravager x9  
  169  8:34  Roach x2  
  169  8:37  Roach x2  
  169  8:39  Zergling x4  
  169  8:40  Zergling x20  
  187  8:42  Roach  
  187  8:45  Roach  
  187  8:46  Roach  
  187  8:48  Roach  
  195  8:49  Roach  
  195  8:54  Roach  
  195  9:00  Roach x6  
Show
View Real Time Build Order
Export as new Build Order

Ashbringer Protoss 

Build Orders:  

Get SALT Encoding   

  12  0:01  Probe  
  13  0:13  Probe  
  14  0:18  Pylon  
  14  0:25  Probe (Chrono Boost)  
  15  0:38  Probe (Chrono Boost)  
  15  0:39  Gateway  
  16  0:43  Probe (Chrono Boost)  
  16  0:48  Assimilator  
  17  0:53  Probe  
  18  1:05  Probe  
  19  1:13  Forge  
  19  1:17  Probe  
  20  1:26  Zealot (Chrono Boost), Cybernetics Core  
  20  1:31  Pylon  
  22  1:46  Photon Cannon  
  22  1:50  Zealot (Chrono Boost)  
  24  2:10  Photon Cannon, Adept  
  26  2:24  Nexus  
  26  2:25  Probe  
  26  2:27  Warp Gate  
  27  2:37  Probe (Chrono Boost)  
  27  2:38  Assimilator  
  27  2:46  Pylon  
  27  2:49  Probe (Chrono Boost)  
  28  2:57  Probe (Chrono Boost)  
  29  3:04  Probe  
  30  3:10  Stargate  
  30  3:16  Probe  
  31  3:26  Gateway  
  31  3:30  Probe (Chrono Boost)  
  32  3:36  Probe (Chrono Boost)  
  34  3:43  Probe (Chrono Boost)  
  34  3:46  Probe (Chrono Boost)  
  34  3:47  Void Ray (Chrono Boost)  
  35  3:51  Probe (Chrono Boost)  
  35  3:54  Probe (Chrono Boost)  
  41  3:56  Probe (Chrono Boost)  
  41  4:02  Probe  
  43  4:06  Probe  
  44  4:14  Probe  
  45  4:18  Probe  
  46  4:25  Oracle (Chrono Boost)  
  46  4:26  Probe  
  46  4:30  Probe  
  51  4:39  Nexus  
  51  4:40  Probe  
  51  4:43  Probe  
  53  4:47  Twilight Council  
  53  4:51  Pylon  
  53  4:52  Probe  
  54  4:59  Pylon  
  54  5:01  Pylon  
  54  5:07  Assimilator  
  54  5:09  Oracle, Assimilator, Probe x2  
  59  5:21  Probe x2  
  61  5:26  Dark Shrine  
  61  5:32  Gateway  
  61  5:33  Probe x2 (Chrono Boost)  
  63  5:35  Gateway, Pylon  
  63  5:42  Probe x2 (Chrono Boost)  
  65  5:45  Protoss Ground Weapons Level 1  
  65  5:47  Probe x2 (Chrono Boost)  
  67  5:53  Adept x2  
  71  5:59  Probe  
  71  6:00  Pylon  
  71  6:01  Shield Battery  
  68  6:04  Void Ray, Shield Battery  
  72  6:14  Pylon  
  72  6:16  Pylon  
  72  6:19  Zealot x2  
  72  6:22  Shield Battery  
  76  6:26  Probe  
  76  6:28  Probe x2, Charge (Chrono Boost)  
  76  6:29  Zealot  
  81  6:38  Probe  
  82  6:40  Probe x2  
  82  6:46  Robotics Facility  
  84  6:50  Probe  
  84  6:52  Probe x2  
  84  6:53  Assimilator  
  87  6:59  Assimilator  
  87  7:02  Probe  
  87  7:04  Probe, Dark Templar x4  
  87  7:07  Probe, Pylon  
  98  7:13  Pylon  
  98  7:14  Probe  
  99  7:16  Probe  
  99  7:19  Probe  
  99  7:22  Gateway  
  101  7:24  Gateway  
  101  7:26  Probe  
  102  7:31  Gateway  
  102  7:34  Immortal (Chrono Boost)  
  102  7:35  Gateway  
  106  7:38  Sentry  
  106  7:39  Sentry  
  106  7:41  Pylon  
  110  7:50  Zealot x2  
  114  7:52  Pylon  
  114  8:03  Dark Templar  
  118  8:06  Warp Prism (Chrono Boost)  
  118  8:11  Archon  
  116  8:12  Dark Templar  
  116  8:13  Gateway, Dark Templar  
  116  8:15  Gateway  
  116  8:16  Pylon  
  116  8:17  Archon  
  116  8:18  Archon  
  120  8:24  Zealot x3  
  126  8:36  Zealot x2, Sentry  
  126  8:37  Templar Archives  
  132  8:46  Pylon  
  132  8:48  Zealot x2  
  132  8:50  Zealot x3  
  113  9:05  Zealot  
  113  9:06  Zealot x5  
  88  9:17  Zealot  
  88  9:18  Zealot  

Tags
 
Add a new tag
Caveats
  • Supply blocks, unpowered buildings, or Contaminate may cause inaccurate times.
  • Supply counts are checked every 10 seconds.